 Dungeon Crawl Stone Soup version 0.27.1-33-g824d729ab1 (webtiles) character file.

Game seed: 3165426952978175624

39 lordive the Chucker (level 3, 0/37 HPs)
             Began as an Ogre Hunter on Dec 26, 2021.
             Slain by Terence (15 damage)
             ... on level 3 of the Dungeon.
             The game lasted 00:02:37 (2026 turns).

lordive the Chucker (Ogre Hunter)                   Turns: 2026, Time: 00:02:37

Health: 0/37       AC:  5    Str: 17    XL:     3   Next: 45%
Magic:  3/3        EV: 10    Int: 12    God:
Gold:   43         SH:  0    Dex:  9    Spells: 2/2 levels left

rFire    + . .     SeeInvis .   h - +0 whip
rCold    . . .     Faith    .   (no shield)
rNeg     . . .     Spirit   .   e - +2 robe {rF+}
rPois    .         Reflect  .   (helmet restricted)
rElec    .         Harm     .   (no cloak)
rCorr    .         Rampage  .   (gloves unavailable)
Will     .....                  (boots unavailable)
Stlth    +.........             (no amulet)
HPRegen  0.12/turn              (no ring)
MPRegen  0.08/turn              (no ring)

@: no status effects
A: large, unfitting armour, tough skin 1
a: no special abilities


You were on level 3 of the Dungeon.
You visited 1 branch of the dungeon, and saw 3 of its levels.

You collected 43 gold pieces.

Inventory:

Hand Weapons
 h - a +0 whip (weapon)
Missiles
 i - 86 stones (quivered)
Armour
 e - a +2 robe of fire resistance (worn)
Jewellery
 l - a ring of fire
Scrolls
 a - a scroll of magic mapping {unknown}
 g - a scroll of identify {unknown}
 j - 2 scrolls of immolation {unknown}
 k - a scroll of acquirement {unknown}
Potions
 b - 3 potions of might {unknown}
 f - 2 potions of magic {unknown}
 m - a potion of haste {unknown}


   Skills:
 * Level 3.2 Fighting
 + Level 0.2 Maces & Flails
 * Level 4.4 Throwing
 * Level 0.7 Armour
 * Level 2.2 Dodging
 + Level 0.6 Stealth


You had 2 spell levels left.
You didn't know any spells.
Your spell library was empty.

Dungeon Overview and Level Annotations

Branches:
Dungeon (3/15)

Altars:
Ru

Shops:
D:1 [

Annotations:
D:3 Terence


Innate Abilities, Weirdness & Mutations

You are too large for most types of armour.
You have tough skin. (AC +1)


Message History

Terence struggles against the net. x2
Unknown command.
You hit Terence but do no damage.
Terence is severely wounded.
Terence struggles against the net.
You hit Terence.
Terence is almost dead.
Terence struggles against the net.
You hit Terence but do no damage.
Terence is almost dead.
Terence screams, "I want your blood!"
Terence struggles against the net.
The net rips apart, and Terence comes free!
You hit Terence but do no damage.
Terence is almost dead.
Terence hits you with a +0 falchion of electrocution.
You hit Terence but do no damage.
Terence is almost dead.
Terence hits you but does no damage.
You are electrocuted!
You hit Terence but do no damage.
Terence is almost dead.
Terence hits you with a +0 falchion of electrocution!
You closely miss Terence.
Terence is almost dead.
Terence hits you with a +0 falchion of electrocution.
Throw: 88 stones
Press: ? - help, Q - select action Shift-Dir - straight line, f/p - Terence
Aim: Terence, wielding a +0 falchion of electrocution and wearing a +2 scale mail of willpower (almost dead, 61% to hit)
You throw a stone.
The stone hits Terence but does no damage.
Terence is almost dead.
Terence closely misses you.
Throw: 87 stones
Press: ? - help, Q - select action Shift-Dir - straight line, f/p - Terence
Aim: Terence, wielding a +0 falchion of electrocution and wearing a +2 scale mail of willpower (almost dead, 61% to hit)
You throw a stone.
The stone hits Terence but does no damage.
Terence is almost dead.
Terence hits you but does no damage.
You are electrocuted!
You die...

.# ##. ##
#.. ###..
#.# .(...#
#.# ......#
##.#
....(..##<.#
.......#..##
(.....@@.##
.......###
.......
.......
.......
.......
.......
.......


You could see Terence.

Vanquished Creatures
  A worm (D:2)
  2 dart slugs
  3 ball pythons
  A bat skeleton (D:2)
  2 endoplasms (D:2)
  4 goblins
  2 hobgoblins (D:1)
  2 jackals (D:1)
  4 kobolds
  A quokka (D:1)
  4 bats
  2 frilled lizards
  2 rats (D:1)
30 creatures vanquished.

Notes
Turn   | Place    | Note
-------+----------+-------------------------------------------
     0 | D:1      | lordive the Ogre Hunter began the quest for the Orb.
     0 | D:1      | Reached XP level 1. HP: 22/22 MP: 1/1
   318 | D:1      | Reached XP level 2. HP: 18/29 MP: 2/2
   769 | D:1      | Found Xeosast's Armour Emporium.
  1023 | D:2      | Found a sacrificial altar of Ru.
  1281 | D:2      | Reached XP level 3. HP: 36/37 MP: 3/3
  2009 | D:3      | Noticed Terence
  2026 | D:3      | Slain by Terence

Illustrated notes

Levels and vault maps discovered:
D:1:      giann_bridges, layout_rooms, serial_shops, nicolae_shop_behind_doors
D:2:      wad_crossroads, layout_basic, basic_altar, hangedman_decor_opposing
D:3:      layout_rooms, mainiacjoe_overflow_alcove_2,
          minmay_misc_feat_four_crosses, uniq_terence, uniq_jessica

Skill      XL: |  1  2 |
---------------+-------+-----
Dodging        | 2 |  2.2
Fighting       | 3 |  3.2
Maces & Flails | |  0.2
Throwing       | |  4.4
Armour         | |  0.7
Stealth        | |  0.6

Action                   || total
-------------------------++-------
Melee: Short sword       ||    37
       Whip              ||   106
Throw: Large rock        ||     6
       Stone             ||     2
       Throwing net      ||     2
 Stab: Sleeping          ||     1
Armor: Robe              ||    56
Dodge: Dodged            ||    86
